 Dungeon Crawl Stone Soup version 0.26.1-11-gd32895ea62 (webtiles) character file.

Game seed: 10263609752372055705

45 adizb the Sneak (level 3, -1/18 HPs)
             Began as a Spriggan Brigand on June 30, 2021.
             Slain by a quokka (5 damage)
             ... on level 2 of the Dungeon.
             The game lasted 00:06:17 (943 turns).

adizb the Sneak (Spriggan Brigand)                   Turns: 943, Time: 00:06:18

Health: -1/18      AC:  3    Str:  7    XL:     3   Next: 42%
Magic:  4/4        EV: 18    Int: 12    God:
Gold:   99         SH:  0    Dex: 18    Spells: 2/2 levels left

rFire    . . .     SeeInvis +   a - +2 dagger
rCold    . . .     Faith    .   (shield restricted)
rNeg     . . .     Spirit   .   b - +0 robe
rPois    .         Reflect  .   (helmet restricted)
rElec    .         Harm     .   c - +0 cloak
rCorr    .         Rampage  .   (gloves unavailable)
Will     .....                  (boots unavailable)
Stlth    ++++......             (no amulet)
HPRegen  0.06/turn              (no ring)
MPRegen  0.09/turn              (no ring)

@: very quick
A: very small, unfitting armour, see invisible, speed 3
a: no special abilities


You were on level 2 of the Dungeon.
You visited 1 branch of the dungeon, and saw 2 of its levels.

You collected 99 gold pieces.

Inventory:

Hand Weapons
 a - a +2 dagger (weapon)
Missiles
 d - 8 poisoned darts (quivered)
 e - 2 curare-tipped darts
Armour
 b - a +0 robe (worn)
 c - a +0 cloak (worn)
Scrolls
 f - a scroll of remove curse {unknown}
 g - a scroll of teleportation {unknown}
Potions
 h - a potion of curing


   Skills:
 + Level 1.9 Fighting
 + Level 2.3 Short Blades
 - Level 2.0 Throwing
 * Level 2.8 Dodging
 * Level 6.7 Stealth
 + Level 1.2 Evocations


You had 2 spell levels left.
You didn't know any spells.
Your spell library was empty.

Dungeon Overview and Level Annotations

Branches:
Dungeon (2/15)

Altars:


Innate Abilities, Weirdness & Mutations

You are very small and have problems with some larger weapons.
You are too small for most types of armour.
You have supernaturally acute eyesight. (SInv)
You cover ground extremely quickly.


Message History

You hit the goblin.
You kill the goblin!
A quokka comes into view.
You are too injured to fight recklessly!
You are too injured to fight recklessly!
The helpless quokka fails to defend itself.
You impale the quokka!!
You kill the quokka!
A goblin comes into view. It is wielding a +0 club.
Found a scroll labelled CAEPEWOANT.
An adder comes into view.
The adder hisses angrily.
A quokka comes into view.
You hit the quokka.
The quokka is moderately wounded.
The quokka completely misses you.
You hit the quokka.
The quokka is heavily wounded.
The quokka bites you.
You die...

.................### ##...##...#
...............)...####........g.
.................#...............
...........(.....#####.......?...
.................# #......S....
.....<...........# #..........
########.........# #...#
#........^#######..##
#######.<...>.r@.....##..#
#.....#.........####..S..#
#.....##.................######.
#.....###.......................
#.....###.(###########........#
#.....(......# ##...###....#
#.....######.#####...#####.#...#
#..)..# #..##...#####...##...
#.)...# ##....####....### #.†


You could see an adder and a quokka.

Vanquished Creatures
  7 bats
  4 giant cockroaches
  5 goblins
  3 hobgoblins (D:1)
  2 jackals (D:1)
  5 kobolds
  2 quokkas (D:2)
  5 frilled lizards
  10 rats
43 creatures vanquished.

Notes
Turn   | Place    | Note
-------+----------+-------------------------------------------
     0 | D:1      | adizb the Spriggan Brigand began the quest for the Orb.
     0 | D:1      | Reached XP level 1. HP: 10/10 MP: 2/2
   119 | D:1      | Reached skill level 6 in Stealth
   179 | D:1      | Reached XP level 2. HP: 9/15 MP: 3/3
   392 | D:1      | Reached skill level 1 in Evocations
   637 | D:2      | Reached XP level 3. HP: 18/18 MP: 4/4
   943 | D:2      | Slain by a quokka

Illustrated notes

Levels and vault maps discovered:
D:1:      giann_forest_graveyard, layout_basic
D:2:      layout_rooms, chequers_temple_overflow_minitemple,
          hangedman_decor_lopped

Skill      XL: |  1  2 |
---------------+-------+-----
Stealth        | 6 |  6.7
Dodging        | 2 |  2.8
Evocations     | 1 |  1.2
Fighting       | |  1.9
Short Blades   | |  2.3
Throwing       | |  2.0

Action                   || total
-------------------------++-------
Melee: Dagger            ||   172
  Use: Potion            ||     1
 Stab: Sleeping          ||    12
Armor: Robe              ||    32
Dodge: Dodged            ||   163
